 Dungeon Crawl Stone Soup version 0.25-a0-578-gc91f01c39c (webtiles) character file.

Game seed: 4823925583589726023, levelgen mode: deterministic

3 Forecaster the Sneak (level 1, -2/15 HPs)
             Began as a Naga Wizard on Mar 6, 2020.
             Slain by a goblin
             ... wielding a cursed +0 club
              (4 damage)
             ... on level 1 of the Dungeon.
             The game lasted 00:01:24 (150 turns).

Forecaster the Sneak (Naga Wizard)                   Turns: 150, Time: 00:01:26

Health: -2/15      AC:  1    Str:  9    XL:     1   Next: 50%
Magic:  1/4        EV: 10    Int: 18    God:
Gold:   11         SH:  0    Dex:  9    Spells: 5/6 levels left

rFire    + . .     SeeInvis +   (no weapon)
rCold    x . .     Gourm    .   (no shield)
rNeg     . . .     Faith    .   a - +0 robe
rPois    +         Spirit   .   b - +0 hat
rElec    .         Reflect  .   (no cloak)
rCorr    .         Harm     .   (no gloves)
MR       .....                  (no barding)
Stlth    ++........             (no amulet)
HPRegen  0.05/turn              c - ring of fire
MPRegen  0.09/turn              (no ring)

@: very slightly contaminated, very slow
A: large, see invisible, deformed body, poison resistance, slowness 2, slow
metabolism 1, spit poison 1, AC +0
a: Spit Poison


You were on level 1 of the Dungeon.
You were not hungry.

You visited 1 branch of the dungeon, and saw 1 of its levels.

You collected 11 gold pieces.

Inventory:

Missiles
 f - 24 stones (quivered)
Armour
 a - a +0 robe (worn)
 b - a +0 hat (worn)
Jewellery
 c - a ring of fire (left hand)
Scrolls
 e - a scroll of identify {unknown}
Comestibles
 d - a ration


   Skills:
 + Level 1.5 Dodging
 + Level 3.1 Stealth
 + Level 3.1 Spellcasting
 + Level 1.0 Conjurations
   Level 1.0 Summonings
   Level 1.0 Translocations


You had 5 spell levels left.
You knew the following spells:

 Your Spells              Type           Power        Failure   Level  Hunger
a - Magic Dart            Conj           #...         11%         1    None

Your spell library contained the following spells:

 Spells                   Type           Power        Failure   Level  Hunger
 Blink                    Tloc           N/A          16%         2    ##.....
 Call Imp                 Summ           #.......     16%         2    ##.....
 Slow                     Hex            #.......     24%         2    ##.....
 Conjure Flame            Conj/Fire      #.......     36%         3    ###....
 Mephitic Cloud           Conj/Pois/Air  #.......     38%         3    ###....


Dungeon Overview and Level Annotations

Branches:
Dungeon (1/15)

Altars:


Innate Abilities, Weirdness & Mutations

You cannot wear boots.
Your serpentine skin is tough. (AC +0)
You have supernaturally acute eyesight. (SInv)
Armour fits poorly on your strangely shaped body.
Your system is resistant to poisons. (rPois)
You cover ground very slowly.
You have a slow metabolism.
You can spit poison.


Message History

You hit the hobgoblin.
The hobgoblin is severely wounded.
The hobgoblin barely misses you.
The goblin hits you with a cursed +0 club.
You closely miss the goblin. The hobgoblin completely misses you.
The goblin hits you with a cursed +0 club.
The goblin barely misses you. The hobgoblin hits you.
* * * LOW HITPOINT WARNING * * *
Casting: Magic Dart (safe; 11% risk of failure)
Confirm with . or Enter, or press ? or * to list all spells.
Aiming: Magic Dart (safe; 11% risk of failure)
Press: ? - help, Shift-Dir - straight line, f/p - hobgoblin
Aim: a hobgoblin (severely wounded)
You miscast Magic Dart.
You are very lightly contaminated with residual magic.
You are momentarily dazzled by a flash of light!
The goblin misses you. The hobgoblin hits you.
* * * LOW HITPOINT WARNING * * *
The goblin hits you with a cursed +0 club.
You die...

................##...##
..........†......#...#
.................#...#
#.....†........#'''#
#...†..........#...#...
#............>.........
####..#.......>........
####..g#.#.########.>...
###### #.....g@.#.#
..... #....#
#.......#..# #....
#...[###.......#.## ....
#..).#............ ....
#..........#.###..#
#....#######.# #..#
#....# #.# #.. #....#
#.# ## #....#


You could see a hobgoblin and a goblin.

Vanquished Creatures
  A hobgoblin (D:1)
  A bat (D:1)
  A frilled lizard (D:1)
  A rat (D:1)
4 creatures vanquished.

Notes
Turn   | Place    | Note
-------+----------+-------------------------------------------
     0 | D:1      | Forecaster the Naga Wizard began the quest for the Orb.
     0 | D:1      | Reached XP level 1. HP: 15/15 MP: 4/4
   150 | D:1      | Slain by a goblin

Levels and vault maps discovered:
D:1:      lemuel_arrival_funnel, layout_rooms, serial_bayou,
          serial_bayou_pond_c, serial_bayou_shore_b, serial_bayou_pond_b,
          serial_bayou_lagoon_a

Action                   || total
-------------------------++-------
Melee: Unarmed           ||    10
 Cast: Magic Dart        ||    13
Dodge: Dodged            ||    12

Table legend:
 A = Non-vault XP
 B = Vault XP
 C = Vault XP percentage of total XP
 D = Non-vault monster count
 E = Vault monster count
 F = Vault count percentage of total count
                 A         B        C        D         E       F
            +---------+---------+-------+---------+---------+-------
      Total |       5 |       0 |   0.0 |       4 |       0 |   0.0
            +---------+---------+-------+---------+---------+-------
        D:1 |       5 |       0 |   0.0 |       4 |       0 |   0.0
            +---------+---------+-------+---------+---------+-------
